 Dungeon Crawl Stone Soup version 0.29.0-4-gdea44cf6ec (webtiles) character file.

Game seed: 12459785106441452880

4 qw the Vexing (level 1, 0/16 HPs)
             Began as an Ogre Enchanter on Sept 3, 2022.
             Slain by a hobgoblin (2 damage)
             ... on level 1 of the Dungeon.
             The game lasted 00:00:06 (90 turns).

qw the Vexing (Ogre Enchanter)                        Turns: 90, Time: 00:00:06

Health: 0/16       AC:  3    Str: 11    XL:     1   Next: 60%
Magic:  3/3        EV:  9    Int: 16    God:
Gold:   0          SH:  0    Dex:  9    Spells: 4/4 levels left

rFire   . . .      SeeInvis .   a - +1 dagger
rCold   . . .      Faith    .   (no shield)
rNeg    . . .      Spirit   .   b - +0 robe
rPois   .          Reflect  .   (helmet restricted)
rElec   .          Harm     .   (no cloak)
rCorr   .          Rampage  .   (gloves unavailable)
Will    .....                   (boots unavailable)
Stlth   ++........              (no amulet)
HPRegen 0.05/turn               (no ring)
MPRegen 0.08/turn               (no ring)

@: no status effects
A: large, unfitting armour, tough skin 1
a: no special abilities


You were on level 1 of the Dungeon.
You visited 1 branch of the dungeon, and saw 1 of its levels.


Innate Abilities, Weirdness & Mutations

You are too large for most types of armour.
You have tough skin. (AC +1)


   Skills:
 + Level 0.0 Fighting
 - Level 0.8 Short Blades
 - Level 1.1 Axes
 - Level 1.7 Dodging
 - Level 2.1 Stealth
 - Level 2.4 Spellcasting
 - Level 2.6 Hexes


You had 4 spell levels left.
You didn't know any spells.
Your spell library contained the following spells:

 Spells                   Type           Power      Damage    Failure   Level
 Ensorcelled Hibernation  Hex/Ice        12%        N/A       17%         2
 Confusing Touch          Hex            10%        N/A       21%         3
 Tukima's Dance           Hex            10%        N/A       21%         3
 Dazzling Flash           Conj/Hex       12%        N/A       34%         3

Inventory:

Hand Weapons
 a - a +1 dagger (weapon)
Armour
 b - a +0 robe (worn)
Scrolls
 d - a scroll of silence {unknown}
Potions
 c - 2 potions of invisibility

Dungeon Overview and Level Annotations

Branches:
Dungeon (1/15)

Altars:


Message History

You barely miss the kobold. The kobold hits you with a +0 club.
A quokka comes into view.
You hit the kobold.
The kobold is heavily wounded.
The kobold closely misses you.
You hit the kobold.
You kill the kobold!
You closely miss the hobgoblin.
The hobgoblin hits you but does no damage.
You hit the hobgoblin.
The hobgoblin is moderately wounded.
The hobgoblin hits you.
A rat comes into view.
You barely miss the hobgoblin.
The hobgoblin hits you but does no damage.
You hit the hobgoblin but do no damage. The hobgoblin closely misses you.
The quokka barely misses you.
The hobgoblin shouts!
You hit the quokka.
The quokka is severely wounded.
The hobgoblin closely misses you.
The quokka bites you but does no damage.
You closely miss the quokka.
The quokka is severely wounded.
The hobgoblin hits you but does no damage.
The quokka closely misses you.
You hit the quokka.
You kill the quokka!
The hobgoblin hits you.
Your Axes skill increases to level 1!
You closely miss the hobgoblin. The hobgoblin hits you.
The hobgoblin hits you but does no damage.
89 ||| Stepping ~*~*~tactically~*~*~ (outnumbered).
The rat attacks as you move away! The rat bites you but does no damage.
The hobgoblin hits you.
90 ||| Stepping ~*~*~tactically~*~*~ (outnumbered).
The hobgoblin attacks as you move away! The hobgoblin hits you.
You die...

#.#..###..~.....~.....
#.........~~ยค~~~~.#...
#.................%...
#.#...................
g.....................
#..###..........>...
#......?............
#..gg)...#.....#.#..
#..@r...............
##.###...#.....#.#.# #.
#...##....#.#.. #.
#...##..S.# # #. #...#
.. .. ..... #. #..## #.


You could see 2 hobgoblins and a rat.

Vanquished Creatures
  A bat (D:1)
  A kobold (D:1)
  A quokka (D:1)
3 creatures vanquished.

Notes
Turn   | Place    | Note
-------+----------+-------------------------------------------
     0 | D:1      | qw the Ogre Enchanter began the quest for the Orb.
     0 | D:1      | Reached XP level 1. HP: 16/16 MP: 3/3
     0 | D:1      | 0 ||| qw: Version: 0.1-a-102-g441f92d
     0 | D:1      | 0 ||| qw: Game counter: 5091
     0 | D:1      | 0 ||| qw: Always use a shield: true
     0 | D:1      | 0 ||| qw: God list: Okawaru
     0 | D:1      | 0 ||| qw: Allow faded altars: false
     0 | D:1      | 0 ||| qw: Do Orc after D:15 true
     0 | D:1      | 0 ||| qw: Do second Lair branch before Depths: true
     0 | D:1      | 0 ||| qw: Lair rune preference: random
     0 | D:1      | 0 ||| qw: Plans: Normal
     0 | D:1      | 0 ||| PLANNING D:1-11
    75 | D:1      | 75 ||| Stepping ~*~*~tactically~*~*~ (stealth).
    76 | D:1      | 76 ||| Stepping ~*~*~tactically~*~*~ (stealth).
    77 | D:1      | 77 ||| Stepping ~*~*~tactically~*~*~ (stealth).
    88 | D:1      | Reached skill level 1 in Axes
    89 | D:1      | 89 ||| Stepping ~*~*~tactically~*~*~ (outnumbered).
    89 | D:1      | HP: 2/16 [hobgoblin (3)]
    90 | D:1      | 90 ||| Stepping ~*~*~tactically~*~*~ (outnumbered).
    90 | D:1      | Slain by a hobgoblin

Levels and vault maps discovered:
D:1:      ebering_trefoil_twist, layout_basic, serial_shops,
          nicolae_shop_bloodbath_and_beyond

Skill      XL: |  1 |
---------------+----+-----
Axes           | 1 |  1.1
Short Blades   | |  0.8
Dodging        | |  1.7
Stealth        | |  2.1
Spellcasting   | |  2.4
Hexes          | |  2.6

Action                   || total
-------------------------++-------
Melee: Dagger            ||    15
       Punch             ||     1
Armor: Robe              ||     6
Dodge: Dodged            ||     8

Table legend:
 A = Non-vault XP
 B = Vault XP
 C = Vault XP percentage of total XP
 D = Non-vault monster count
 E = Vault monster count
 F = Vault count percentage of total count
                 A         B        C        D         E       F
            +---------+---------+-------+---------+---------+-------
      Total |       6 |       0 |   0.0 |       3 |       0 |   0.0
            +---------+---------+-------+---------+---------+-------
        D:1 |       6 |       0 |   0.0 |       3 |       0 |   0.0
            +---------+---------+-------+---------+---------+-------
